Map: Vestígio Bel'Shir LE (Void)

Players

ODeepThought

  • Race: Zerg Zerg
  • League: Gold
  • Spawn Location: 5:00

efelinto - Winner!

  • Race: Protoss Protoss
  • League: Diamond
  • Spawn Location: 11:00

VOD

Have the link to the VOD?

Description

Time

  • Played on: April 28, 2017, 12:34 p.m.
  • Length: 4:42
Show
View Real Time Build Order
Export as new Build Order

ODeepThought Zerg 

Build Orders: Pool First 

Get SALT Encoding   

  12  0:02  Drone  
  13  0:13  Overlord  
  13  0:20  Drone  
  14  0:39  Drone x3  
  17  0:43  Extractor  
  16  0:56  Drone  
  17  1:11  Spawning Pool  
  17  1:16  Drone x2  
  18  1:38  Hatchery  
  17  1:40  Drone x2  
  19  1:58  Zergling x2  
  20  2:05  Queen  
  22  2:12  Roach Warren  
  22  2:14  Zergling x2  
  22  2:28  Overlord x2  
  22  2:45  Queen  
  24  2:54  Roach  
  24  2:55  Roach x3  
  32  3:09  Zergling x4  
  34  3:15  Roach  
  34  3:16  Roach x2  
  40  3:20  Zergling x2  
  40  3:21  Overlord  
  41  3:38  Zergling x6  
  43  4:03  Roach x5  
  43  4:05  Zergling x2  
  43  4:07  Overlord x2  
Show
View Real Time Build Order
Export as new Build Order

efelinto Protoss - Winner!

Build Orders:  

Get SALT Encoding   

  12  0:01  Probe (Chrono Boost)  
  13  0:12  Probe (Chrono Boost)  
  14  0:22  Probe (Chrono Boost), Pylon  
  15  0:40  Probe (Chrono Boost)  
  15  0:41  Gateway  
  16  0:49  Assimilator  
  16  0:51  Probe (Chrono Boost)  
  17  1:01  Probe (Chrono Boost)  
  18  1:12  Probe (Chrono Boost)  
  19  1:22  Probe (Chrono Boost)  
  20  1:33  Probe (Chrono Boost)  
  20  1:37  Cybernetics Core  
  20  1:39  Assimilator  
  21  1:43  Probe (Chrono Boost)  
  22  1:54  Probe (Chrono Boost)  
  23  1:57  Pylon  
  23  2:01  Warp Gate  
  23  2:17  Probe (Chrono Boost)  
  23  2:18  Nexus  
  23  2:22  Pylon  
  24  2:40  Adept  
  26  2:45  Mothership Core (Chrono Boost)  
  26  2:46  Gateway  
  26  2:51  Gateway  
  28  2:55  Gateway  
  28  3:04  Probe (Chrono Boost)  
  29  3:28  Stargate  
  29  3:31  Probe (Chrono Boost)  
  29  3:32  Probe (Chrono Boost)  
  31  3:41  Probe (Chrono Boost)  
  31  3:43  Assimilator  
  31  3:44  Probe (Chrono Boost)  
  32  3:52  Probe (Chrono Boost)  
  34  3:56  Probe (Chrono Boost)  
  34  4:12  Stalker x2  
  34  4:13  Stalker x2  
  42  4:20  Pylon  
  40  4:40  Zealot x3  
Tags
 
Add a new tag
Caveats
  • Supply blocks, unpowered buildings, or Contaminate may cause inaccurate times.
  • Supply counts are checked every 10 seconds.